 Dungeon Crawl Stone Soup version 0.28-a0-46-g7b1be97da7 (webtiles) character file.

Game seed: 5929099172577185513

133 srdjan the Skirmisher (level 4, -5/61 HPs)
             Began as a Minotaur Berserker on July 30, 2021.
             Was a Believer of Trog.
             Killed from afar by an orc wizard (6 damage)
             ... with a magic dart
             ... on level 3 of the Dungeon.
             The game lasted 00:08:55 (2960 turns).

srdjan the Skirmisher (Minotaur Berserker)          Turns: 2960, Time: 00:08:55

Health: -5/61      AC:  7    Str: 22    XL:     4   Next: 93%
Magic:  3/3        EV:  8    Int:  4    God:    Trog [**....]
Gold:   94         SH:  8    Dex: 16    Spells: 3/3 levels left

rFire   . . .      SeeInvis .   a - +0 falchion
rCold   . . .      Faith    .   p - +0 kite shield
rNeg    . . .      Spirit   .   c - +0 ring mail
rPois   .          Reflect  .   (helmet restricted)
rElec   .          Harm     .   (no cloak)
rCorr   .          Rampage  .   i - +0 pair of gloves
Will    .....                   (no boots)
Stlth   ..........              d - amulet of the acrobat
HPRegen 0.20/turn               n - +6 ring of dexterity
MPRegen 0.08/turn               (no ring)

@: berserking, very quick
A: horns 2, retaliatory headbutt
a: Renounce Religion, Berserk, Trog's Hand


You were on level 3 of the Dungeon.
You worshipped Trog.
Trog was pleased with you.
You visited 1 branch of the dungeon, and saw 3 of its levels.

You collected 94 gold pieces.

Inventory:

Hand Weapons
 a - a +0 falchion (weapon)
Armour
 b - a +0 animal skin
 c - a +0 ring mail (worn)
 i - a +0 pair of gloves (worn)
 p - a +0 kite shield (worn)
Jewellery
 d - an amulet of the acrobat (around neck)
 n - a +6 ring of dexterity (left hand)
Wands
 r - a wand of digging (5)
Scrolls
 e - 4 scrolls of identify {unknown}
 f - a scroll of fog {unknown}
 h - a scroll of silence {unknown}
 j - a scroll of acquirement {unknown}
 k - a scroll of enchant armour {unknown}
 l - a scroll of magic mapping {unknown}
 q - a scroll of enchant weapon {unknown}
 s - a scroll of amnesia {unknown}
Potions
 g - 2 potions of curing {unknown}
 m - 2 potions of attraction {unknown}
 o - a potion of berserk rage {unknown}
 t - a potion of magic {unknown}


   Skills:
 + Level 4.9 Fighting
 + Level 4.9 Long Blades
 + Level 4.1 Armour
 - Level 2.1 Dodging


You had 3 spell levels left.
You didn't know any spells.
Your spell library was empty.

Dungeon Overview and Level Annotations

Branches:
Dungeon (3/15)

Altars:
Uskayaw


Innate Abilities, Weirdness & Mutations

You have a pair of horns on your head.
You reflexively headbutt those who attack you in melee.


Message History

You bump into the rock wall.
Something hits you but does no damage. The orc hits you with a +0 hand axe.
* * * LOW HITPOINT WARNING * * *
You are too confused!
You feel less confused.
You hear some strange, mumbled words.
A puff of flame appears from out of thin air!
The puff of flame misses you.
A red film seems to cover your vision as you go berserk!
You feel yourself moving faster!
You feel mighty! Something hits you but does no damage.
You barely miss something. You headbutt something!
The orc hits you but does no damage. Something hits you but does no damage.
You are too berserk!
You hit the orc. You headbutt the orc.
You feel the power of Trog in you as your rage grows.
You kill the orc!
Trog accepts your kill.
You barely miss something.
You hear some strange, mumbled words.
A puff of flame appears from out of thin air!
The puff of flame hits you!
* * * LOW HITPOINT WARNING * * *
You miss something. You headbutt something.
You hear some strange, mumbled words.
A magic dart appears from out of thin air!
The magic dart hits you.
* * * LOW HITPOINT WARNING * * *
You hit something. Something hits you but does no damage.
You closely miss something. Something hits you but does no damage.
You barely miss something.
You hear some strange, mumbled words.
Something tries to affect you, but you resist.
You closely miss something. Something hits you.
* * * LOW HITPOINT WARNING * * *
You closely miss something.
You hear some strange, mumbled words.
A magic dart appears from out of thin air!
The magic dart hits you.
You die...

#########
#.......#
##.####.# #.#
##'##### #.#
#......# #.#
#......# #.. #.#
#...(.@# #..
#.###..)){)######
#.#
#.##..............
#.#
#..#.#)###########
... ##..#.#.. #.#
#...#.#.#. #.#
###.#.#K^.. #.#
#.#.#oo .. #.#
#.#.#...... #)#


There were no monsters in sight!

Vanquished Creatures
  An orc wizard (D:3)
  2 adders
  2 worms
  2 dart slugs (D:1)
  5 orcs (D:3)
  2 endoplasms
  A giant cockroach (D:1)
  7 goblins
  7 hobgoblins
  7 jackals
  6 quokkas
  5 ball pythons
  7 bats
  5 frilled lizards
  6 kobolds
  4 rats
69 creatures vanquished.

Notes
Turn   | Place    | Note
-------+----------+-------------------------------------------
     0 | D:1      | srdjan the Minotaur Berserker began the quest for the Orb.
     0 | D:1      | Reached XP level 1. HP: 19/19 MP: 0/0
    10 | D:1      | Found a faded altar of an unknown god.
   209 | D:1      | Reached XP level 2. HP: 20/27 MP: 1/1
   752 | D:1      | Reached XP level 3. HP: 13/33 MP: 2/2
  1324 | D:2      | Reached ** piety under Trog
  1802 | D:2      | Reached XP level 4. HP: 41/41 MP: 3/3
  2205 | D:3      | Found a hide-covered altar of Uskayaw.
  2955 | D:3      | HP: 3/61 [something/magic dart (5)]
  2959 | D:3      | HP: 1/61 [something (3)]
  2960 | D:3      | Killed from afar by an orc wizard

Illustrated notes

Levels and vault maps discovered:
D:1:      dpeg_arrival_stone_temple_mockup, layout_basic,
          shapermc_ecumenical_altar_mp_highgroup, serial_bayou_crossing
D:2:      layout_basic
D:3:      layout_basic, nicolae_overflow_hidden_temple, serial_park_tiny_pond,
          uniq_grinder

Skill      XL: |  1  2  3  4 |
---------------+-------------+-----
Fighting       | 4 |  4.9
Long Blades    | 4 |  4.9
Armour         | 3 4 |  4.1
Dodging        | |  2.1

Action                   |  1- 3 |  4- 6 || total
-------------------------+-------+-------++-------
Melee: Falchion          |    81 |    51 ||   132
       Headbutt          |    11 |    16 ||    27
Invok: Berserk           |       |     1 ||     1
Armor: Animal skin       |     4 |       ||     4
       Ring mail         |    26 |    24 ||    50
Dodge: Dodged            |    77 |    33 ||   110
Block: Kite shield       |       |    10 ||    10
       Rpst.: Falchion   |    21 |     9 ||    30

Table legend: (Time is in decaauts)
 A = Elapsed time spent in this place.
 B = Non-inter-level travel time spent in this place.
 C = Inter-level travel time spent in this place.
 D = Time resting spent in this place.
 E = Time spent auto-exploring this place.
 F = Levels seen in this place.
 G = Mean time per level.
                   A        B        C        D        E       F      G
               +--------+--------+--------+--------+--------+-----+--------+
         Total |   2994 |   2890 |    104 |    511 |   1858 |   3 |  998.0 |
       Dungeon |   2994 |   2890 |    104 |    511 |   1858 |   3 |  998.0 |
               +--------+--------+--------+--------+--------+-----+--------+

Top non-repeatable levels by time:
     D:1: 1343 daAuts
     D:3: 887 daAuts
     D:2: 764 daAuts
